 Dungeon Crawl Stone Soup version 0.29.1-14-g9c671dbff4 (webtiles) character file.

Game seed: 16622551886123215175

198 Thatpatchoflichen the Trooper (level 5, -2/44 HPs)
             Began as a Demonspawn Gladiator on Feb 14, 2023.
             Was an Initiate of Ashenzari.
             Slain by an elf zombie (6 damage)
             ... in an ossuary.
             The game lasted 00:04:12 (2803 turns).

Thatpatchoflichen the Trooper (DsGl)                Turns: 2803, Time: 00:04:12

Health: -2/44      AC:  7    Str: 17    XL:     5   Next: 47%
Magic:  5/5        EV: 12    Int:  9    God:    Ashenzari [......]
Gold:   109        SH:  0    Dex: 14    Spells: 4/4 levels left

rFire   . . .      SeeInvis .   a - +0 war axe
rCold   . . .      Faith    .   (no shield)
rNeg    . . .      Spirit   .   i - +0 scale mail
rPois   .          Reflect  .   c - +0 helmet
rElec   .          Harm     .   (no cloak)
rCorr   .          Rampage  .   (no gloves)
Will    .....                   (no boots)
Stlth   ..........              (no amulet)
HPRegen 0.14/turn               (no ring)
MPRegen 0.09/turn               (no ring)

@: no status effects
A: hooves 1, repulsion field 1
a: Renounce Religion, Curse Item


You were in an ossuary.
You worshipped Ashenzari.
Ashenzari was noncommittal.
You visited 1 branch of the dungeon, and saw 4 of its levels.
You also visited: Ossuary.

You collected 109 gold pieces.

Inventory:

Hand Weapons
 a - a +0 war axe (weapon)
Missiles
 d - 3 throwing nets (quivered)
 e - a javelin
 h - 2 poisoned darts
Armour
 b - a +0 leather armour
 c - a +0 helmet (worn)
 i - a +0 scale mail (worn)
Jewellery
 l - a ring of flight
Wands
 r - a wand of flame (16)
Scrolls
 j - 4 scrolls of identify {unknown}
 k - a scroll of teleportation {unknown}
 p - a scroll of noise {unknown}
 q - a scroll of butterflies {unknown}
Potions
 f - a potion of degeneration {unknown}
 g - 3 potions of curing {unknown}
 m - a potion of cancellation {unknown}
 n - a potion of attraction {unknown}
 o - 2 potions of magic {unknown}


   Skills:
 + Level 5.4 Fighting
 - Level 3.0 Axes
 - Level 1.7 Throwing
 - Level 3.0 Dodging


You had 4 spell levels left.
You didn't know any spells.
Your spell library contained the following spells:

 Spells                   Type           Power      Damage    Failure   Level
 Airstrike                Air            0%         2d(0-16)  100%        4
 Summon Lightning Spire   Summ/Air       0%         N/A       100%        4
 Lightning Bolt           Conj/Air       0%         1d11      100%        5


Dungeon Overview and Level Annotations

Branches:
Dungeon (4/15)            Ossuary (1/1)
 Temple: D:4-7

Altars:
Ashenzari
Kikubaaqudgha
Makhleb

Shops:
D:3 *


Innate Abilities, Weirdness & Mutations

You have large cloven feet.
You are surrounded by a mild repulsion field. (EV +2)


Message History

You completely miss the human zombie. The elf zombie barely misses you.
The hobgoblin zombie completely misses you.
The human zombie completely misses you.
You hit the elf zombie. Your kick misses the elf zombie.
The elf zombie is moderately damaged.
You hit the hobgoblin zombie.
You destroy the hobgoblin zombie!
You hit the human zombie but do no damage.
The elf zombie hits you.
* * * LOW HITPOINT WARNING * * *
The human zombie hits you but does no damage.
You slash the human zombie!
You destroy the human zombie!
You hit the elf zombie. You barely miss the orc zombie.
The elf zombie barely misses you. The orc zombie misses you.
You hit the elf zombie.
The elf zombie is moderately damaged.
You barely miss the orc zombie.
The elf zombie hits you but does no damage.
The orc zombie barely misses you.
You closely miss the elf zombie.
The elf zombie is moderately damaged.
You hit the orc zombie. The elf zombie barely misses you.
The orc zombie hits you but does no damage.
You hit the elf zombie.
The elf zombie is moderately damaged.
You hit the orc zombie.
You destroy the orc zombie!
The elf zombie hits you but does no damage.
You closely miss the elf zombie.
You kick the elf zombie, but do no damage.
The elf zombie is moderately damaged.
The elf zombie hits you but does no damage. x2
You barely miss the elf zombie.
The elf zombie is moderately damaged.
The elf zombie closely misses you.
You barely miss the elf zombie. You kick the elf zombie.
The elf zombie is heavily damaged.
The elf zombie hits you.
You die...

##### ##...##
##.....##
#...∩...#
#.......#
#...∩...#
##.....##
##.@.## #..Z#
#####...#####
#...........#
##.........##
#...........#
##.........##
#...........#
##.........##


You could see an elf zombie.

Vanquished Creatures
  A human zombie (Ossuary)
  A mummy (Ossuary)
  Robin (D:3)
  A gnoll (D:1)
  4 adders
  2 worms (D:2)
  3 dart slugs
  2 orcs (D:4)
  4 bats
  7 endoplasms
  2 giant cockroaches (D:1)
  17 goblins
  13 hobgoblins
  3 quokkas
  6 ball pythons
  5 frilled lizards
  2 hobgoblin zombies (Ossuary)
  4 kobolds (D:1)
  3 orc zombies (Ossuary)
  5 rats
86 creatures vanquished.

Notes
Turn   | Place    | Note
-------+----------+-------------------------------------------
     0 | D:1      | Thatpatchoflichen the Demonspawn Gladiator began the quest
                  | for the Orb.
     0 | D:1      | Reached XP level 1. HP: 16/16 MP: 1/1
    16 | D:1      | Gained mutation: You have large cloven feet. [demonic
                  | ancestry]
    16 | D:1      | Reached XP level 2. HP: 21/22 MP: 2/2
   450 | D:1      | Reached skill level 3 in Fighting
   450 | D:1      | Gained mutation: You are surrounded by a mild repulsion
                  | field. (EV +2) [demonic ancestry]
   450 | D:1      | Reached XP level 3. HP: 23/29 MP: 3/3
  1070 | D:2      | Reached XP level 4. HP: 12/37 MP: 4/4
  1503 | D:2      | Noticed an ogre
  1520 | D:3      | Reached skill level 4 in Fighting
  1689 | D:3      | Found a broken altar of Ashenzari.
  1743 | D:3      | Became a worshipper of Ashenzari the Shackled
  1908 | D:3      | Found a burning altar of Makhleb.
  1982 | D:3      | Found an ancient bone altar of Kikubaaqudgha.
  2070 | D:3      | Found Pujaynag's Assorted Antiques.
  2179 | D:3      | Noticed Robin
  2191 | D:3      | Killed Robin
  2587 | D:4      | Reached XP level 5. HP: 40/43 MP: 5/5
  2705 | D:4      | Reached skill level 5 in Fighting
  2759 | D:4      | Found a sand-covered staircase.
  2767 | Ossuary  | Entered an ossuary
  2796 | Ossuary  | HP: 2/44 [elf zombie (5)]
  2803 | Ossuary  | Slain by an elf zombie

Illustrated notes

Levels and vault maps discovered:
D:1:      onia_arrival_pentagram, layout_rooms
D:2:      wad_river_or_something, layout_basic,
          hellmonk_ecumenical_altar_leap_of_faith
D:3:      kennysheep_the_goblin_king, layout_loops_ring, amcnicky_altar_gilded,
          general_overflow_altar, nicolae_ashenzari_skybound, serial_shops,
          nicolae_shop_window_shopping, uniq_robin
D:4:      layout_basic, fedhas_altar_1, minmay_temple_entry_ruins,
          chequers_ossuary_entry_cave
Ossuary:  minmay_ossuary_gauntlet

Skill      XL: |  1  2  3  4  5 |
---------------+----------------+-----
Dodging        | 3 |  3.0
Axes           | 3 |  3.0
Fighting       | 3 4 5 |  5.4
Throwing       | |  1.7

Action                   |  1- 3 |  4- 6 || total
-------------------------+-------+-------++-------
Melee: War axe           |    80 |   100 ||   180
       Kick              |    18 |    22 ||    40
       Punch             |       |     1 ||     1
Armor: Leather armour    |    14 |       ||    14
       Scale mail        |    34 |    82 ||   116
Dodge: Dodged            |    89 |   102 ||   191
